Map: Oxide LE

Players

ViBE - Winner!

  • Race: Zerg Zerg
  • League: Diamond

Trunks

  • Race: Protoss Protoss
  • League: Diamond

VOD

Have the link to the VOD?

Description

Time

  • Played on: April 10, 2021, 11 p.m.
  • Length: 16:41
Show
View Real Time Build Order
Export as new Build Order

ViBE Zerg - Winner!

Build Orders: Hatch First 

Get SALT Encoding   

  12  0:00  Drone  
  13  0:12  Overlord  
  13  0:18  Drone  
  14  0:33  Drone x2  
  16  0:54  Hatchery  
  15  0:57  Drone  
  16  1:04  Drone x2  
  18  1:14  Spawning Pool  
  17  1:20  Drone x2  
  17  1:22  Extractor  
  18  1:39  Drone  
  20  1:45  Hatchery  
  19  1:49  Overlord  
  19  1:59  Drone  
  20  2:02  Roach Warren  
  19  2:10  Queen  
  21  2:26  Overlord  
  21  2:42  Roach x3  
  27  3:05  Ravager  
  28  3:12  Drone  
  29  3:13  Ravager  
  29  3:17  Drone x2  
  29  3:18  Queen  
  34  3:23  Drone x2  
  36  3:38  Drone x2  
  38  3:47  Ravager  
  39  3:51  Overlord  
  39  4:07  Drone  
  39  4:08  Drone x2  
  42  4:13  Overlord  
  42  4:15  Drone x2  
  44  4:30  Drone x5  
  49  4:39  Drone x2  
  49  4:40  Drone  
  52  4:53  Roach  
  52  4:54  Roach  
  58  5:07  Roach  
  55  5:16  Hatchery  
  55  5:18  Ravager x2  
  55  5:21  Roach  
  58  5:23  Drone x2  
  58  5:24  Overlord  
  59  5:35  Queen  
  60  5:38  Spore Crawler  
  60  5:39  Spore Crawler  
  57  5:47  Spore Crawler  
  52  5:52  Metabolic Boost  
  50  6:03  Drone x4  
  52  6:16  Queen  
  54  6:20  Ravager  
  54  6:24  Drone  
  54  6:25  Drone x2  
  55  6:47  Roach x2  
  59  6:48  Drone x4  
  59  6:51  Extractor  
  59  6:52  Queen  
  64  6:58  Drone x2  
  66  7:04  Queen  
  65  7:13  Ravager  
  64  7:16  Drone x2, Hatchery  
  65  7:36  Queen  
  65  7:44  Extractor  
  65  7:46  Overlord x5  
  65  7:47  Overlord  
  64  7:52  Lair  
  64  8:00  Spore Crawler  
  64  8:03  Spore Crawler  
  62  8:17  Roach x3  
  62  8:18  Queen  
  67  8:25  Spore Crawler x2  
  65  8:33  Drone x9  
  65  8:34  Drone x3  
  77  8:47  Spore Crawler  
  74  8:48  Drone x2  
  67  9:03  Ravager x2  
  69  9:10  Drone x8  
  69  9:11  Drone x2  
  69  9:16  Extractor x2  
  77  9:17  Extractor  
  77  9:18  Drone  
  77  9:19  Drone x3, Extractor  
  77  9:23  Hydralisk Den  
  78  9:28  Drone x4  
  78  9:29  Evolution Chamber x2  
  80  9:35  Roach x2  
  80  9:37  Drone  
  85  9:48  Drone x6  
  89  10:00  Grooved Spines  
  89  10:10  Overlord x4  
  89  10:12  Queen  
  91  10:21  Drone x7  
  91  10:22  Drone x2  
  100  10:53  Spore Crawler  
  100  10:55  Spore Crawler  
  98  11:03  Drone x4  
  98  11:04  Drone x8  
  108  11:07  Extractor x2  
  108  11:11  Muscular Augments  
  108  11:12  Queen, Hydralisk x3  
  108  11:18  Zerg Missile Weapons Level 1, Zerg Ground Armor Level 1  
  114  11:21  Hydralisk x3  
  120  11:37  Spore Crawler  
  115  11:40  Spore Crawler  
  115  11:46  Hydralisk  
  112  11:47  Hydralisk x10  
  134  12:05  Drone x2  
  134  12:06  Spore Crawler  
  134  12:07  Extractor  
  134  12:08  Drone  
  135  12:15  Hydralisk x7  
  137  12:16  Overlord  
  137  12:17  Overlord x2  
  131  12:37  Pneumatized Carapace  
  131  12:40  Hydralisk x7  
  131  12:41  Hatchery  
  135  12:51  Hydralisk  
  135  12:52  Hydralisk x2  
  141  13:00  Hatchery  
  141  13:02  Hatchery  
  141  13:04  Hydralisk x7  
  141  13:05  Hydralisk x4  
  161  13:12  Spawning Pool  
  160  13:15  Hatchery  
  160  13:16  Overlord  
  160  13:17  Overlord x3  
  159  13:21  Hatchery  
  158  13:32  Overlord x4  
  158  13:33  Overlord  
  158  13:38  Overseer x2  
  158  13:41  Hydralisk x9  
  176  13:49  Hydralisk x2  
  180  13:56  Zerg Ground Armor Level 2, Zerg Missile Weapons Level 2  
  180  14:00  Zergling x20  
  190  14:05  Hydralisk x2  
  194  14:14  Hydralisk x3  
  194  14:38  Zergling x16  
  200  15:06  Hatchery  
  199  15:14  Hatchery  
  195  15:45  Hydralisk  
  195  15:46  Hydralisk  
  199  15:52  Infestation Pit  
  177  16:14  Drone x15  
  150  16:18  Drone  
  150  16:19  Drone x6  
  150  16:22  Drone x3  
  161  16:25  Drone  
  161  16:26  Drone x2  
Show
View Real Time Build Order
Export as new Build Order

Trunks Protoss 

Build Orders: Cannon Rush 

Get SALT Encoding   

  12  0:00  Probe  
  13  0:12  Probe (Chrono Boost)  
  14  0:19  Pylon  
  14  0:24  Probe (Chrono Boost)  
  15  0:36  Probe (Chrono Boost)  
  15  0:39  Forge  
  16  0:57  Pylon  
  16  1:16  Photon Cannon  
  16  1:19  Photon Cannon  
  16  1:26  Gateway  
  16  1:32  Pylon  
  16  1:38  Probe  
  17  1:41  Assimilator  
  17  1:51  Photon Cannon  
  17  1:54  Assimilator  
  17  2:00  Photon Cannon  
  17  2:07  Probe (Chrono Boost)  
  18  2:12  Zealot (Chrono Boost)  
  20  2:18  Probe (Chrono Boost)  
  20  2:22  Pylon  
  21  2:42  Photon Cannon  
  21  2:48  Probe  
  20  2:55  Cybernetics Core  
  20  2:56  Zealot (Chrono Boost)  
  22  3:08  Photon Cannon  
  22  3:33  Shield Battery  
  24  3:34  Shield Battery  
  22  3:42  Stalker  
  22  3:46  Shield Battery  
  24  3:52  Shield Battery  
  24  3:59  Probe  
  25  4:06  Stargate  
  25  4:12  Stalker (Chrono Boost)  
  27  4:28  Shield Battery  
  27  4:29  Shield Battery  
  25  4:36  Shield Battery  
  25  4:43  Shield Battery  
  25  4:48  Pylon  
  25  4:49  Void Ray (Chrono Boost)  
  25  4:53  Shield Battery  
  29  5:06  Shield Battery  
  29  5:18  Shield Battery  
  29  5:25  Pylon  
  29  5:48  Void Ray (Chrono Boost)  
  29  5:51  Stalker  
  35  6:13  Warp Gate  
  35  6:18  Photon Cannon  
  35  6:21  Nexus  
  29  6:50  Shield Battery  
  29  6:51  Shield Battery  
  29  6:52  Shield Battery  
  29  6:53  Photon Cannon  
  29  7:01  Void Ray (Chrono Boost)  
  33  7:20  Assimilator  
  33  7:44  Shield Battery  
  33  7:45  Shield Battery  
  33  7:47  Shield Battery  
  33  7:48  Shield Battery  
  33  7:58  Void Ray (Chrono Boost)  
  33  8:05  Pylon  
  34  8:36  Stalker  
  30  8:56  Probe  
  30  8:59  Probe  
  22  9:08  Probe, Void Ray (Chrono Boost)  
  23  9:11  Probe  
  28  9:20  Probe  
  28  9:23  Probe  
  30  9:25  Stalker  
  32  9:32  Probe  
  32  9:35  Probe  
  34  9:40  Shield Battery  
  34  9:42  Shield Battery  
  34  9:45  Probe  
  35  9:46  Shield Battery  
  35  9:48  Shield Battery  
  35  9:49  Shield Battery, Void Ray (Chrono Boost)  
  37  10:08  Stalker  
  37  10:11  Shield Battery  
  37  10:12  Shield Battery  
  39  10:20  Probe  
  36  10:23  Probe  
  37  10:29  Gateway  
  37  10:32  Void Ray (Chrono Boost)  
  37  10:33  Probe  
  42  10:42  Shield Battery  
  42  10:55  Shield Battery  
  42  10:57  Shield Battery  
  42  10:59  Shield Battery  
  42  11:00  Shield Battery  
  42  11:03  Shield Battery  
  42  11:05  Pylon  
  45  11:37  Void Ray (Chrono Boost)  
  45  11:39  Stalker  
  47  12:08  Stalker x2  
  49  12:10  Void Ray (Chrono Boost)  
  51  12:20  Probe x2  
  57  12:23  Pylon, Assimilator  
  57  12:25  Pylon  
  57  12:27  Pylon, Assimilator  
  55  12:32  Probe (Chrono Boost)  
  55  12:34  Stalker  
  55  12:35  Probe (Chrono Boost)  
  59  12:43  Photon Cannon  
  59  12:49  Probe (Chrono Boost)  
  60  12:51  Probe (Chrono Boost)  
  60  12:54  Nexus  
  60  12:56  Void Ray (Chrono Boost)  
  65  13:12  Probe  
  62  13:18  Stalker x2  
  62  13:19  Probe  
  67  13:21  Pylon  
  67  13:23  Pylon  
  67  13:24  Probe  
  67  13:25  Pylon  
  68  13:31  Probe  
  69  13:41  Probe, Protoss Ground Weapons Level 1 (Chrono Boost)  
  65  13:44  Robotics Facility  
  65  13:45  Probe  
  65  13:46  Robotics Facility  
  67  14:00  Probe x2  
  69  14:05  Photon Cannon  
  69  14:06  Photon Cannon  
  69  14:09  Probe  
  70  14:10  Pylon  
  70  14:22  Shield Battery  
  70  14:24  Shield Battery  
  58  14:31  Robotics Bay  
  58  14:34  Probe x3  
  61  14:45  Robotics Facility  
  61  14:46  Probe x2, Robotics Facility  
  61  14:48  Probe  
  64  14:58  Probe x2  
  66  15:01  Probe  
  66  15:03  Photon Cannon  
  66  15:04  Photon Cannon  
  66  15:06  Photon Cannon  
  67  15:09  Photon Cannon  
  67  15:17  Disruptor (Chrono Boost)  
  41  15:32  Photon Cannon, Shield Battery  
  39  15:36  Disruptor (Chrono Boost)  
  39  15:37  Photon Cannon  
  42  15:45  Disruptor (Chrono Boost)  
  45  15:53  Disruptor (Chrono Boost)  
Tags
 
Add a new tag
Caveats
  • Supply blocks, unpowered buildings, or Contaminate may cause inaccurate times.
  • Supply counts are checked every 10 seconds.